 Dungeon Crawl Stone Soup version 0.28.0-53-g5a82cb258f (webtiles) character file.

Game seed: 8959118265530103554

136 styxcanada the Sneak (level 4, -4/23 HPs)
             Began as a Spriggan Brigand on June 28, 2022.
             Slain by a gnoll
             ... wielding a +0 spear
              (5 damage)
             ... on level 4 of the Dungeon on July 2, 2022.
             The game lasted 00:12:21 (2927 turns).

styxcanada the Sneak (Spriggan Brigand)             Turns: 2927, Time: 00:12:21

Health: -4/23      AC:  3    Str:  7    XL:     4   Next: 98%
Magic:  15/15      EV: 22    Int: 12    God:
Gold:   156        SH:  0    Dex: 18    Spells: 4/4 levels left

rFire   . . .      SeeInvis +   a - +2 dagger
rCold   . . .      Faith    .   (no shield)
rNeg    . . .      Spirit   .   b - +0 robe
rPois   .          Reflect  .   (helmet restricted)
rElec   .          Harm     .   c - +0 cloak
rCorr   .          Rampage  .   (gloves unavailable)
Will    .....                   (boots unavailable)
Stlth   ++++......              (no amulet)
HPRegen 0.07/turn               n - +4 ring of evasion
MPRegen 0.14/turn               o - ring of magical power

@: mighty, very quick
A: very small, no large weapons, unfitting armour, see invisible, speed 3
a: no special abilities


You were on level 4 of the Dungeon.
You visited 1 branch of the dungeon, and saw 4 of its levels.

You collected 206 gold pieces.
You spent 50 gold pieces at shops.

Inventory:

Hand Weapons
 a - a +2 dagger (weapon)
Missiles
 d - 2 poisoned darts (quivered)
 e - 4 curare-tipped darts
 f - 9 boomerangs
 g - 92 stones
 i - 24 sling bullets
Armour
 b - a +0 robe (worn)
 c - a +0 cloak (worn)
Jewellery
 n - a +4 ring of evasion (left hand)
 o - a ring of magical power (right hand)
Scrolls
 k - 3 scrolls of identify
Potions
 h - a potion of ambrosia
 q - a potion of curing


   Skills:
 * Level 2.1 Fighting
 + Level 2.9 Short Blades
 + Level 2.3 Throwing
 * Level 3.1 Dodging
 * Level 7.6 Stealth
 * Level 0.7 Spellcasting


You had 4 spell levels left.
You didn't know any spells.
Your spell library contained the following spells:

 Spells                   Type           Power      Damage    Failure   Level
 Beastly Appendage        Tmut           0%         N/A       30%         1
 Ensorcelled Hibernation  Hex/Ice        0%         N/A       43%         2
 Passwall                 Tmut/Erth      0%         N/A       43%         2
 Wereblood                Tmut           0%         N/A       43%         2
 Dazzling Flash           Conj/Hex       0%         N/A       67%         3
 Spider Form              Tmut/Pois      0%         N/A       67%         3
 Swiftness                Air            0%         N/A       67%         3
 Agony                    Necr           0%         N/A       100%        5
 Silence                  Hex/Air        0%         N/A       100%        5


Dungeon Overview and Level Annotations

Branches:
Dungeon (4/15)
 Temple: D:4-7

Altars:
Cheibriados

Shops:
D:2 *


Innate Abilities, Weirdness & Mutations

You are very small and have problems with some larger weapons.
You are too small for most types of armour.
You have supernaturally acute eyesight. (SInv)
You cover ground extremely quickly. (Speed+++)


Message History

Aim: a gnoll shaman, wielding a +0 whip and wearing a +0 robe (66% to hit)
You throw a poisoned dart.
The poisoned dart hits the gnoll shaman.
The gnoll shaman is poisoned.
The gnoll closely misses you.
You hit the gnoll.
The gnoll is lightly wounded.
The gnoll misses you. The gnoll closely misses you. The gnoll misses you.
You barely miss the gnoll. The gnoll misses you. The gnoll barely misses you.
You closely miss the gnoll. You punch the gnoll, but do no damage.
The gnoll shaman looks more healthy.
The gnoll completely misses you. The gnoll misses you.
The gnoll shaman hits you with a +0 whip.
The gnoll completely misses you. The gnoll barely misses you.
The gnoll is no longer moving quickly.
The gnoll shaman calls upon its god to heal the gnoll.
The gnoll's wounds heal themselves!
The gnoll hits you from afar with a +0 spear.
You hear a shout!
Unknown command.
The gnoll misses you.
There is a stone staircase leading down here.
You aren't carrying any items that you can evoke.
Okay, then.
You feel very mighty all of a sudden. The gnoll closely misses you.
The gnoll completely misses you.
You puncture the gnoll shaman!
The gnoll shaman is heavily wounded.
The gnoll completely misses you. The gnoll shaman completely misses you.
You hit the gnoll shaman.
The gnoll shaman is severely wounded.
The gnoll hits you from afar with a +0 spear.
The gnoll shaman closely misses you.
The gnoll hits you from afar with a +0 spear!
* * * LOW HITPOINT WARNING * * *
You hit the gnoll shaman.
The gnoll shaman is severely wounded.
The gnoll hits you from afar with a +0 spear.
You die...

#g### #.#
#)# # ##(##
#.##...##
#.#)###.##
... #(.#
###(###gg###
#.).#.g@#
##.######
#.# #.# #.#
#.# #.# #.#


You could see a gnoll shaman and 2 gnolls.

Vanquished Creatures
  3 gnolls
  2 adders
  An adder skeleton (D:3)
  3 worms (D:3)
  5 dart slugs
  4 orcs (D:3)
  4 endoplasms
  2 giant cockroaches (D:2)
  7 goblins
  3 hobgoblins (D:1)
  4 jackals (D:2)
  8 kobolds
  2 quokkas (D:1)
  6 ball pythons
  4 bats
  3 frilled lizards
  4 rats
65 creatures vanquished.

Vanquished Creatures (others)
  4 toadstools (D:1)
4 creatures vanquished.

Grand Total: 69 creatures vanquished

Notes
Turn   | Place    | Note
-------+----------+-------------------------------------------
     0 | D:1      | styxcanada the Spriggan Brigand began the quest for the
                  | Orb.
     0 | D:1      | Reached XP level 1. HP: 10/10 MP: 2/2
   146 | D:1      | Reached skill level 6 in Stealth
   170 | D:1      | Reached XP level 2. HP: 7/15 MP: 3/3
   447 | D:1      | Reached XP level 3. HP: 11/18 MP: 4/4
  1234 | D:2      | Reached skill level 7 in Stealth
  1369 | D:2      | Reached XP level 4. HP: 23/23 MP: 5/5
  1560 | D:2      | Found Ofyem's General Store.
  1569 | D:2      | Bought a scroll of identify for 20 gold pieces
  1569 | D:2      | Bought a potion of curing for 30 gold pieces
  2353 | D:3      | Found a snail-covered altar of Cheibriados.
  2926 | D:4      | HP: 1/23 [gnoll/+0 spear (7)]
  2927 | D:4      | Slain by a gnoll

Illustrated notes

Levels and vault maps discovered:
D:1:      matt_arrival_refuge, layout_basic, minmay_gold_behind_fungi,
          roderic_roman_lattice, minivault_11
D:2:      layout_rooms, serial_shops, nicolae_square_shop
D:3:      layout_basic, mainiacjoe_overflow_boulevard
D:4:      kennysheep_spiral_hall, layout_loops_ring,
          minmay_temple_entry_sparse_star, amcnicky_mini_rare_corridor_liquid

Skill      XL: |  1  2  3  4 |
---------------+-------------+-----
Stealth        | 6 7 |  7.6
Dodging        | 2 3 |  3.1
Fighting       | 2 |  2.1
Short Blades   | |  2.9
Throwing       | |  2.3
Spellcasting   | |  0.7

Action                   |  1- 3 |  4- 6 || total
-------------------------+-------+-------++-------
Melee: Dagger            |   106 |    81 ||   187
       Punch             |     1 |     2 ||     3
Throw: Dart              |     7 |    34 ||    41
  Use: Scroll            |       |     5 ||     5
       Potion            |       |     1 ||     1
 Stab: Sleeping          |    12 |     4 ||    16
Armor: Robe              |    10 |     9 ||    19
Dodge: Dodged            |    73 |    78 ||   151
